 Dungeon Crawl Stone Soup version 0.28.0-1-gb440e238dd (webtiles) character file.

Game seed: 12180315351600258703

22 a3don the Caller (level 2, 0/11 HPs)
             Began as a Felid Summoner on Feb 22, 2022.
             Succumbed to an adder's poison
             ... on level 2 of the Dungeon.
             The game lasted 00:02:18 (1034 turns).

a3don the Caller (Felid Summoner)                   Turns: 1034, Time: 00:02:18

Health: 0/11       AC:  1    Str:  4    XL:     2   Next: 68%
Magic:  3/6        EV: 18    Int: 16    God:
Gold:   12         SH:  0    Dex: 16    Spells: 1/5 levels left
                                        Lives:  0   Deaths: 0

rFire   . . .      SeeInvis +   (weapon unavailable)
rCold   . . .      Faith    .   (shield unavailable)
rNeg    . . .      Spirit   .   (armour unavailable)
rPois   .          Reflect  .   (helmet unavailable)
rElec   .          Harm     .   (cloak unavailable)
rCorr   .          Rampage  .   (gloves unavailable)
Will    .....                   (boots unavailable)
Stlth   ++........              (no amulet)
HPRegen 0.03/turn               (no ring)
MPRegen 0.10/turn               (no ring)

@: lethally poisoned (0 -> -3), quick
A: very small, claws 1, fangs 3, see invisible, speed 1, shaggy fur 1, stealthy
paws, no weapons or thrown items, no armour, multi-lived
a: no special abilities


You were on level 2 of the Dungeon.
You visited 1 branch of the dungeon, and saw 2 of its levels.

You collected 12 gold pieces.

Inventory:

Jewellery
 c - a ring of willpower
Scrolls
 a - 2 scrolls of enchant weapon {unknown}
 b - a scroll of teleportation {unknown}


   Skills:
 + Level 3.2 Dodging
 + Level 3.2 Stealth
 + Level 2.3 Spellcasting
 + Level 0.2 Conjurations
 + Level 4.1 Summonings


You had one spell level left.
You knew the following spells:

 Your Spells              Type           Power      Damage    Failure   Level
a - Summon Small Mammal   Summ           60%        N/A       3%          1
b - Call Imp              Summ           15%        N/A       5%          2
c - Magic Dart            Conj           8%         1d3       19%         1

Your spell library contained the following spells:

 Spells                   Type           Power      Damage    Failure   Level
 Call Canine Familiar     Summ           15%        N/A       11%         3
 Summon Guardian Golem    Hex/Summ       8%         N/A       26%         3
 Mephitic Cloud           Conj/Pois/Air  2%         N/A       52%         3
 Summon Lightning Spire   Summ/Air       8%         N/A       63%         4


Dungeon Overview and Level Annotations

Branches:
Dungeon (2/15)

Altars:


Innate Abilities, Weirdness & Mutations

You have sharp claws.
You have razor-sharp teeth.
You have supernaturally acute eyesight. (SInv)
You cover ground quickly. (Speed+)
You are covered in fur. (AC +1)
Your paws help you pounce on unaware monsters.
You are incapable of wielding weapons or throwing items.
You cannot wear armour.
You gain extra lives every three experience levels.


Message History

Your crimson imp blinks!
The adder bites you. The adder misses you.
Casting: Call Imp (safe; 5% risk of failure)
Confirm with . or Enter, or press ? or * to list all spells.
The adder barely misses you.
A rat comes into view.
Your crimson imp misses the adder.
Your crimson imp misses the adder.
The adder closely misses you.
Casting: Summon Small Mammal (safe; 3% risk of failure)
Confirm with . or Enter, or press ? or * to list all spells.
Your rat barely misses the adder.
Your crimson imp barely misses the adder.
The adder bites you.
You are lethally poisoned!
The adder poisons you!
* * * LOW HITPOINT WARNING * * *
You feel sick.
Your rat misses the adder.
Your crimson imp hits the adder.
You swap places.
* * * LOW HITPOINT WARNING * * *
You feel sick.
The adder completely misses your crimson imp.
Something bites your crimson imp.
Your crimson imp barely misses the adder.
You aren't carrying any potions.
There is a lethal amount of poison in your body!
* * * LOW HITPOINT WARNING * * *
You feel sick.
Your quokka completely misses the adder.
The adder closely misses your crimson imp.
Something completely misses your crimson imp.
Your rat closely misses the adder.
* * * LOW HITPOINT WARNING * * *
You feel sick.
Your quokka bites the adder.
Your crimson imp blinks!
The adder bites your quokka but does no damage.
Your quokka closely misses the adder.
Your rat closely misses the adder.
The adder misses your quokka.
An adder comes into view.
You die...

#....#
##.#..#♣≈≈≈≈≈P.#
##♣P≈≈..#..≈≈≈.≈P .
#.≈≈.≈P...≈.≈≈≈≈ ..
#..§.≈(##.≈≈≈.≈ .#
#.####r# ≈≈≈♣.#
#.####.# ♣.P.
#....#r#####.########
###.#5rSr....@......S
##.#.#####.........
#.#.# ##########
#.#.# #.#.# #...#
#.<## #.. #..>


You could see 2 adders, a rat, a friendly quokka (summoned) and a friendly rat
(summoned).

Vanquished Creatures
  A giant cockroach (D:1)
1 creature vanquished.

Vanquished Creatures (collateral kills)
  3 ball pythons (D:1)
  A giant cockroach (D:1)
  2 goblins (D:1)
  3 hobgoblins (D:1)
  A quokka (D:1)
  4 bats
  2 frilled lizards (D:1)
  2 kobolds (D:1)
  A rat (D:1)
19 creatures vanquished.

Grand Total: 20 creatures vanquished

Notes
Turn   | Place    | Note
-------+----------+-------------------------------------------
     0 | D:1      | a3don the Felid Summoner began the quest for the Orb.
     0 | D:1      | Reached XP level 1. HP: 7/7 MP: 4/4
   289 | D:1      | Reached XP level 2. HP: 9/11 MP: 3/6
   445 | D:1      | Learned a level 2 spell: Call Imp
   447 | D:1      | Learned a level 1 spell: Magic Dart
  1034 | D:2      | Succumbed to an adder's poison

Illustrated notes

Levels and vault maps discovered:
D:1:      dpeg_arrival_erosion, layout_rooms, dk_noncrumbling_3
D:2:      minmay_door_path, layout_loops_ring,
          ebering_ecumenical_altar_sacrificial, serial_bayou,
          serial_bayou_pond_b, serial_bayou_shore_b, serial_bayou_lake_a,
          serial_bayou_pond_b, serial_bayou_pond_e, serial_bayou_lagoon_a,
          chequers_serial_rivers_large_b, chequers_serial_rivers_small_3

Skill      XL: |  1 |
---------------+----+-----
Stealth        | 3 |  3.2
Dodging        | 3 |  3.2
Spellcasting   | |  2.3
Conjurations   | |  0.2
Summonings     | |  4.1

Action                   || total
-------------------------++-------
Melee: Unarmed           ||     7
 Cast: Summon Small Mamm ||    35
       Call Imp          ||     3
Armor: Skin              ||     4
Dodge: Dodged            ||    21
